 Dungeon Crawl Stone Soup version 0.27.0-1-g7a089689b8 (webtiles) character file.

Game seed: 11390066568518979974

20024 SnakkuSnakku7 the Grappler (level 12, -1/111 HPs)
             Began as a Troll Fire Elementalist on Aug 9, 2021.
             Was a High Priest of Makhleb.
             Slain by an efreet (3 damage)
             ... in a volcano.
             The game lasted 00:17:35 (9651 turns).

SnakkuSnakku7 the Grappler (TrFE)                   Turns: 9651, Time: 00:17:36

Health: -1/111     AC:  9    Str: 19    XL:     12   Next: 41%
Magic:  0/21       EV: 14    Int: 11    God:    Makhleb [*****.]
Gold:   549        SH: 11    Dex: 14    Spells: 13/13 levels left

rFire    + . .     SeeInvis .     - Unarmed
rCold    + + .     Faith    .   E - +0 kite shield
rNeg     . . .     Spirit   +   f - +0 steam dragon scales
rPois    +         Reflect  .   (helmet restricted)
rElec    +         Harm     .   t - +1 cloak
rCorr    +         Rampage  .   (gloves unavailable)
Will     .....                  (boots unavailable)
Stlth    ++........             y - amulet of guardian spirit
HPRegen  1.28/turn              H - ring of protection from cold
MPRegen  0.17/turn              c - ring of magical power

@: mighty, resistant
A: large, unfitting armour, claws 3, regeneration 1, shaggy fur 1, tough skin 1
a: Renounce Religion, Minor Destruction, Lesser Servant of Makhleb, Major
Destruction, Greater Servant of Makhleb


You were in a volcano.
You worshipped Makhleb.
Makhleb was extremely pleased with you.
You visited 3 branches of the dungeon, and saw 13 of its levels.
You also visited: Ossuary and Volcano.

You collected 846 gold pieces.
You spent 297 gold pieces at shops.

Inventory:

Missiles
 i - 4 javelins
 o - 49 poisoned darts
 C - 6 throwing nets
 L - 8 large rocks (quivered)
Armour
 f - +0 steam dragon scales (worn)
 t - a +1 cloak (worn)
 E - a +0 kite shield (worn)
Jewellery
 c - a ring of magical power (right claw)
 v - a ring of resist corrosion
 y - an amulet of guardian spirit (around neck)
 A - a ring of willpower
 H - a ring of protection from cold (left claw)
 K - a ring of willpower
Wands
 a - a wand of mindburst (14)
 g - a wand of iceblast (36)
 B - a wand of charming (8)
 D - a wand of acid (4)
Scrolls
 b - a scroll of holy word
 k - 3 scrolls of fear
 n - 4 scrolls of teleportation
 p - a scroll of immolation
 s - 2 scrolls of enchant armour
 u - 3 scrolls of identify
 F - 3 scrolls of summoning
Potions
 d - a potion of lignification
 e - 4 potions of haste
 h - 7 potions of curing
 j - 4 potions of brilliance
 m - a potion of might
 r - 4 potions of ambrosia
 w - 5 potions of mutation
 z - a potion of attraction
 G - a potion of invisibility
Miscellaneous
 I - a phial of floods (inert)


   Skills:
 - Level 5.0 Fighting
 + Level 6.6 Throwing
 - Level 9.9 Dodging
 - Level 1.0 Stealth
 - Level 9.0 Shields
 - Level 10.0 Unarmed Combat
 - Level 1.2 Spellcasting
 - Level 0.6 Conjurations
 - Level 2.1 Fire Magic


You had 13 spell levels left.
You didn't know any spells.
Your spell library contained the following spells:

 Spells                   Type           Power      Damage    Failure   Level
 Foxfire                  Conj/Fire      12%        2x1d4     19%         1
 Static Discharge         Conj/Air       1%         N/A       38%         2
 Conjure Flame            Conj/Fire      3%         6-21      47%         3
 Inner Flame              Hex/Fire       3%         N/A       52%         3
 Gell's Gravitas          Tloc           0%         N/A       67%         3
 Lesser Beckoning         Tloc           0%         N/A       67%         3
 Teleport Other           Tloc           0%         N/A       67%         3
 Sticky Flame             Conj/Fire      3%         2d3       87%         4
 Hailstorm                Conj/Ice       1%         3d3       95%         4
 Ice Form                 Ice/Tmut       0%         N/A       97%         4
 Fireball                 Conj/Fire      1%         3d3       99%         5
 Lightning Bolt           Conj/Air       0%         1d11      100%        5
 Simulacrum               Ice/Necr       0%         N/A       100%        6
 Maxwell's Capacitive Co  Air            0%         ∞         100%        8


Dungeon Overview and Level Annotations

Branches:
Dungeon (10/15)            Temple (1/1) D:4            Lair (2/6) D:9
Ossuary (visited)         Volcano (1/1)
  Swamp: Lair:2-4    Shoals: Lair:2-4     Snake: Lair:2-4    Spider: Lair:2-4
    Orc: D:9-12

Altars:
Ashenzari
Dithmenos
Elyvilon
Gozag
Hepliaklqana
Kikubaaqudgha
Makhleb
Ru
Sif Muna
Vehumet
Wu Jian
Yredelemnul
Zin

Shops:
D:8 *   D:9 (

Annotations:
D:9 exclusion: orange crystal statue


Innate Abilities, Weirdness & Mutations

You are too large for most types of armour.
You have claws for hands.
Your natural rate of healing is unusually fast.
You are covered in fur. (AC +1)
You have tough skin. (AC +1)


Message History

Unknown command.
You feel much better. The efreet gestures at you. The bolt of fire hits you!
* * * LOW HITPOINT WARNING * * *
A molten gargoyle comes into view. It is wielding a +0 mace.
Unknown command.
You scratch the efreet but do no damage.
The efreet is heavily wounded.
You block the efreet's attack.
You feel protected. The efreet misses you.
Unknown command.
You feel very mighty all of a sudden. The efreet completely misses you.
An earth elemental comes into view.
The molten gargoyle blasts magma at you!
The bolt of magma hits you! You partially resist.
* * * LOW HITPOINT WARNING * * *
Unknown command.
You feel much better. The efreet barely misses you.
The molten gargoyle hits you with a +0 mace!
* * * LOW HITPOINT WARNING * * *
You are engulfed in flames.
You resist.
* * * LOW HITPOINT WARNING * * *
Unknown command.
You claw the efreet!
The efreet is severely wounded.
The efreet hits you with a +1 scimitar of flaming.
* * * LOW HITPOINT WARNING * * *
The molten gargoyle blasts magma at you!
The bolt of magma hits you! You partially resist.
* * * LOW HITPOINT WARNING * * *
Okay, then.
Okay, then.
You feel better.
The efreet hits you with a +1 scimitar of flaming!
* * * LOW HITPOINT WARNING * * *
The efreet burns you.
You die...

#### #..###
##...°##
#....°°# ##
+..∩.≈≈#
##≈≈####E.≈§≈#
#≈○○≈≈##9§§≈≈#
≈≈≈○°§##@§§≈≈#
.≈≈≈≈≈'R)∩.§°#
..≈≈°.#..§§°°#
##.≈. #....≈##
##° ##..### #
##.# ###


You could see an earth elemental, an efreet and a molten gargoyle.

Vanquished Creatures
  Harold (D:8)
  A hydra (D:9)
  A centaur warrior (D:8)
  A catoblepas (D:9)
  A death knight (D:7)
  3 two-headed ogres
  The ghost of ystael the Grappler, a novice TrHu of Wu Jian (D:8)
  The ghost of Fractals the Fighter, a novice DsBe of Trog (D:7)
  A black mamba (Lair:1)
  3 cane toads (Lair:1)
  Joseph (D:7)
  Maggie (D:8)
  An efreet (Volcano)
  A freezing wraith (D:10)
  2 komodo dragons
  3 trolls
  A polar bear (Lair:1)
  2 wyverns (Lair:1)
  A wraith (D:10)
  14 yaks
  A basilisk (Lair:2)
  3 fire bats (Lair:2)
  4 steam dragons
  2 vampire mosquitoes
  2 acid dragons
  8 water moccasins
  3 ice beasts
  2 black bears
  A hornet zombie (D:4)
  3 orc warriors
  3 sky beasts
  6 wolves (Lair:1)
  5 centaurs
  3 necrophages (D:5)
  3 ogres
  A phantom (D:6)
  A kobold brigand (D:10)
  8 bullfrogs
  A wyvern zombie (D:8)
  A scorpion (D:6)
  A gnoll sergeant (D:7)
  2 killer bees
  15 wights
  A howler monkey (D:9)
  5 centaur zombies
  2 orc priests
  A hound (D:7)
  Jessica (D:3)
  6 iguanas
  Ijyb (D:2)
  6 orc wizards
  A killer bee zombie (D:8)
  A mummy (Ossuary)
  A howler monkey zombie (D:6)
  5 adders
  3 gnolls (D:7)
  A shadow imp (D:6)
  4 ufetubi
  2 worm zombies (D:4)
  4 worms
  A dart slug (D:3)
  16 orcs
  8 spectral bats (Ossuary)
  6 endoplasms
  3 giant cockroaches
  12 gnoll zombies (Ossuary)
  10 goblins
  3 hobgoblins
  10 jackals
  7 kobolds
  A quokka (D:2)
  7 ball pythons
  3 bats
  2 bat simulacra (Ossuary)
  3 frilled lizards
  6 goblin simulacra (Ossuary)
  4 goblin zombies (Ossuary)
  7 hobgoblin zombies (Ossuary)
  6 kobold simulacra (Ossuary)
  7 orc zombies (Ossuary)
  5 rats
  3 rat simulacra (Ossuary)
  A spectral goblin (Ossuary)
  2 spectral kobolds (Ossuary)
  2 spectral rats (Ossuary)
300 creatures vanquished.

Vanquished Creatures (others)
  A centaur (D:9)
  An orc wizard (D:7)
  An orc (D:7)
  A fire vortex (Volcano)
  A plant (Lair:2)
5 creatures vanquished.

Grand Total: 305 creatures vanquished

Notes
Turn   | Place    | Note
-------+----------+-------------------------------------------
     0 | D:1      | SnakkuSnakku7 the Troll Fire Elementalist began the quest
                  | for the Orb.
     0 | D:1      | Reached XP level 1. HP: 16/16 MP: 1/1
   259 | D:1      | Reached skill level 1 in Unarmed Combat
   262 | D:1      | Reached XP level 2. HP: 26/26 MP: 2/2
   357 | D:1      | Reached skill level 1 in Fighting
   545 | D:2      | Noticed Ijyb
   578 | D:2      | Killed Ijyb
   579 | D:2      | Reached skill level 2 in Unarmed Combat
   579 | D:2      | Reached XP level 3. HP: 20/35 MP: 3/3
   643 | D:2      | Found a basalt altar of Yredelemnul.
   959 | D:2      | Reached XP level 4. HP: 31/42 MP: 4/4
  1261 | D:3      | Noticed Jessica
  1268 | D:3      | Killed Jessica
  1293 | D:3      | Reached skill level 3 in Unarmed Combat
  1434 | D:3      | Reached XP level 5. HP: 48/50 MP: 5/5
  1840 | D:4      | Found a staircase to the Ecumenical Temple.
  1840 | D:4      | Noticed a centaur
  1851 | D:4      | Killed a centaur
  1864 | Temple   | Entered the Ecumenical Temple
  1897 | Temple   | Became a worshipper of Makhleb the Destroyer
  1964 | D:4      | Found a sand-covered staircase.
  1988 | Ossuary  | Entered an ossuary
  1996 | Ossuary  | Reached skill level 4 in Unarmed Combat
  2053 | Ossuary  | Reached * piety under Makhleb
  2073 | Ossuary  | Reached XP level 6. HP: 58/61 MP: 6/6
  2160 | Ossuary  | Reached ** piety under Makhleb
  2670 | D:4      | Found an opulent altar of Gozag.
  2679 | D:4      | Found a hazy altar of Hepliaklqana.
  2858 | D:5      | Entered Level 5 of the Dungeon
  2884 | D:5      | Reached skill level 5 in Unarmed Combat
  2884 | D:5      | Reached XP level 7. HP: 15/70 MP: 7/7
  3122 | D:5      | Reached skill level 5 in Fighting
  3122 | D:5      | Reached skill level 6 in Unarmed Combat
  3145 | D:5      | Reached XP level 8. HP: 68/80 MP: 8/8
  3238 | D:5      | Reached skill level 7 in Unarmed Combat
  3654 | D:6      | Reached *** piety under Makhleb
  3655 | D:6      | Reached skill level 8 in Unarmed Combat
  3756 | D:6      | Reached skill level 9 in Unarmed Combat
  4354 | D:7      | Reached XP level 9. HP: 88/88 MP: 9/9
  4359 | D:7      | Reached skill level 10 in Unarmed Combat
  4363 | D:7      | Noticed a troll
  4364 | D:7      | Noticed Fractals's ghost (novice DsBe)
  4365 | D:7      | Noticed a death knight
  4367 | D:7      | Found a transporter.
  4371 | D:7      | Found a transporter.
  4444 | D:7      | Noticed Joseph
  4490 | D:7      | Killed Joseph
  4749 | D:7      | Reached skill level 1 in Shields
  5118 | D:7      | Killed Fractals's ghost
  5184 | D:7      | Killed a troll
  5185 | D:7      | Reached skill level 5 in Shields
  5423 | D:8      | Noticed a centaur warrior
  5451 | D:8      | Killed a centaur warrior
  5452 | D:8      | Reached XP level 10. HP: 48/96 MP: 1/10
  5462 | D:8      | Reached **** piety under Makhleb
  5535 | D:8      | Found Udestraenk's Changing Room.
  5572 | D:8      | Bought a potion of mutation for 88 gold pieces
  5572 | D:8      | Bought a potion of mutation for 88 gold pieces
  5572 | D:8      | Bought a potion of lignification for 33 gold pieces
  5572 | D:8      | Bought a potion of mutation for 88 gold pieces
  5767 | D:8      | Noticed Harold
  5800 | D:8      | Killed Harold
  5932 | D:8      | Noticed Maggie
  5947 | D:8      | Killed Maggie
  6350 | D:8      | Found a runed translucent gate.
  6350 | D:8      | Found a runed translucent gate.
  6350 | D:8      | Found a runed translucent gate.
  6351 | D:8      | Noticed ystael's ghost (novice TrHu)
  6385 | D:8      | Killed ystael's ghost
  6386 | D:8      | Reached skill level 5 in Dodging
  6386 | D:8      | Reached XP level 11. HP: 49/102 MP: 8/11
  6426 | D:9      | Found Lutregu's Antique Weapon Boutique.
  6432 | D:9      | Noticed a catoblepas
  6448 | D:9      | Noticed a five-headed hydra
  6493 | D:9      | Found a staircase to the Lair.
  6600 | D:9      | Killed a catoblepas
  6776 | D:9      | Noticed an orange crystal statue
  6935 | D:9      | Killed a five-headed hydra
  7163 | D:9      | Noticed a two-headed ogre
  7171 | D:9      | Killed a two-headed ogre
  7596 | D:10     | Entered Level 10 of the Dungeon
  7675 | D:10     | Noticed a two-headed ogre
  7688 | D:10     | Killed a two-headed ogre
  7730 | D:10     | Reached ***** piety under Makhleb
  8026 | D:10     | Noticed a two-headed ogre
  8044 | D:10     | Killed a two-headed ogre
  8090 | D:10     | Reached skill level 1 in Throwing
  8096 | D:10     | Reached XP level 12. HP: 105/111 MP: 12/12
  8666 | D:7      | Killed a death knight
  8808 | Lair:1   | Entered Level 1 of the Lair of Beasts
  9075 | Lair:1   | Reached skill level 5 in Throwing
  9594 | Lair:2   | Found a dark tunnel.
  9618 | Volcano  | Entered a volcano
  9651 | Volcano  | HP: 2/111 [efreet (13)]
  9651 | Volcano  | Slain by an efreet

Illustrated notes

Levels and vault maps discovered:
D:1:      lightli_arrival_lavapool, layout_rooms, nrook_mini_backslash,
          hangedman_decor_riveting, serial_bayou_pond_a
D:2:      kennysheep_the_goblin_king, layout_basic, basic_altar
D:3:      layout_basic, nrook_uturn, uniq_jessica
D:4:      layout_loops_cross, mainiacjoe_overflow_swirl,
          minmay_temple_entry_stoned_glass, enter_ossuary_3
D:5:      layout_basic, grunt_ministairs_8, serial_bayou_lagoon_b
D:6:      layout_loops_ring
D:7:      layout_basic, gammafunk_ghost_arena, serial_curves, eino_curves_01,
          eino_curves_04, uniq_joseph
D:8:      cheibrodos_steamvent, layout_basic, ebering_ghost_rock_garden,
          minmay_holes, nicolae_transmutations_shop,
          chequers_serial_rivers_small_b, minmay_starry_boxes, uniq_maggie,
          uniq_harold
D:9:      minmay_cornered_nines, layout_loops_ring, lair_entry_dummy,
          serial_shops, shop, minivault_16
D:10:     cheibrodos_barr_body, layout_cave_pods
Temple:   regret_index_temple_chain_breaker
Lair:1:   layout_hall_layers
Lair:2:   layout_cave_pods, nicolae_volcano_entry_batcave, columned_hall_lemuel,
          minivault_23, grunt_megastairs_4, infiniplex_staircase_pool
Volcano:  volcano_aerie

Skill      XL: |  1  2  3  4  5  6  7  8  9 10 11 12 |
---------------+-------------------------------------+-----
Unarmed Combat | 1 2 3 4 5 6 9 10 | 10.0
Fighting       | 1 2 3 4 5 |  5.0
Dodging        | 3 5 9 |  9.9
Shields        | 6 9 |  9.0
Throwing       | 1 6 |  6.6
Stealth        | |  1.0
Spellcasting   | |  1.2
Conjurations   | |  0.6
Fire Magic     | |  2.1

Action                   |  1- 3 |  4- 6 |  7- 9 | 10-12 || total
-------------------------+-------+-------+-------+-------++-------
Melee: Unarmed           |   111 |   322 |   279 |   621 ||  1333
       Punch             |       |     3 |    11 |       ||    14
Throw: Large rock        |       |       |       |     1 ||     1
 Cast: Foxfire           |       |       |       |     1 ||     1
Evoke: Wand              |       |       |       |     9 ||     9
       Phial of floods   |       |       |       |     1 ||     1
  Use: Scroll            |       |       |    16 |    10 ||    26
       Potion            |       |       |     2 |     8 ||    10
 Stab: Sleeping          |     1 |     2 |       |       ||     3
Armor: Robe              |    34 |    93 |    84 |     3 ||   214
       Steam dragon scal |       |       |       |   151 ||   151
Dodge: Dodged            |    44 |   111 |   155 |   279 ||   589
Block: Other             |    15 |    78 |     5 |       ||    98
       Kite shield       |       |       |       |   325 ||   325
